 Dungeon Crawl Stone Soup version 0.25-a0-353-ged6d54792d (webtiles) character file.

Game seed: 2154073784347386739, levelgen mode: deterministic

539 BritishOli the Slasher (level 7, 41/51 HPs)
             Began as a Demonspawn Gladiator on Jan 2, 2020.
             Got out of the dungeon alive.
             The game lasted 00:06:36 (3618 turns).

BritishOli the Slasher (Demonspawn Gladiator)       Turns: 3618, Time: 00:06:37

Health: 41/51      AC: 10    Str: 16    XL:     7   Next: 5%
Magic:  7/7        EV: 11    Int: 10    God:
Gold:   171        SH:  0    Dex: 14    Spells: 6/6 levels left

rFire    + . .     SeeInvis .   a - +0 long sword
rCold    x . .     Gourm    +   (no shield)
rNeg     . . .     Faith    .   A - +0 scale mail
rPois    .         Spirit   .   c - +0 helmet
rElec    .         Reflect  .   (no cloak)
rCorr    .         Harm     .   (no gloves)
MR       +....                  (no boots)
Stlth    +.........             z - amulet of the gourmand
HPRegen  0.17/turn              e - ring of fire
MPRegen  0.10/turn              r - ring of protection from magic

@: no status effects
A: claws 1, yellow scales 2, nightstalker 1, spiny 1
a: no special abilities


You escaped.
You were not hungry.

You visited 1 branch of the dungeon, and saw 4 of its levels.
You also visited: Sewer.

You collected 171 gold pieces.

Inventory:

Hand Weapons
 a - a +0 long sword (weapon)
Missiles
 d - 3 throwing nets (quivered)
Armour
 b - a +0 leather armour
 c - a +0 helmet (worn)
 A - a +0 scale mail (worn)
Jewellery
 e - a ring of fire (left claw)
 r - a ring of protection from magic (right claw)
 z - an amulet of the gourmand (around neck)
Scrolls
 h - 6 scrolls of identify {unknown}
 i - a scroll of blinking {unknown}
 j - a scroll of enchant weapon {unknown}
 m - 2 scrolls of enchant armour {unknown}
 n - 4 scrolls of teleportation {unknown}
 o - a scroll of immolation {unknown}
 q - 2 scrolls of fear {unknown}
 t - a scroll of fog {unknown}
 x - 2 scrolls of noise {unknown}
 y - a scroll of remove curse {unknown}
Potions
 g - a potion of berserk rage {unknown}
 k - a potion of cancellation {unknown}
 l - a potion of resistance {unknown}
 p - a potion of curing {unknown}
 s - a potion of heal wounds {unknown}
 u - 3 potions of might {unknown}
 v - a potion of brilliance {unknown}
 w - 3 potions of magic {unknown}
Comestibles
 f - 10 rations


   Skills:
 + Level 2.8 Fighting
 * Level 6.2 Long Blades
 - Level 2.0 Throwing
 + Level 1.8 Armour
 + Level 3.6 Dodging
 + Level 0.2 Stealth


You had 6 spell levels left.
You didn't know any spells.
Your spell library contained the following spells:

 Spells                   Type           Power        Failure   Level  Hunger
 Magic Dart               Conj           #...         80%         1    ##.....
 Searing Ray              Conj           #.....       91%         2    ###....
 Dazzling Flash           Conj/Hex       #.....       99%         3    ####...
 Fulminant Prism          Conj/Hex       #.........   100%        4    #####..
 Iskenderun's Mystic Bla  Conj/Tloc      #.......     100%        4    #####..


Dungeon Overview and Level Annotations

Branches:
Dungeon (4/15)              Sewer (visited)
 Temple: D:4-7

Altars:
Yredelemnul
The Shining One

Shops:
D:4 (


Innate Abilities, Weirdness & Mutations

You have sharp fingernails.
You are mostly covered in yellow scales. (AC +3)
You are slightly more attuned to the shadows.
You are partially covered in sharp spines.


Message History

Okay, then.
(D) Dungeon
Where to? (Enter - D:1, ? - help)
Okay, then.
(D) Dungeon
Where to? (Enter - D:1, ? - help)
Okay, then.
You see here a +0 club.
You see here a stone.
Really walk into a travel-excluded area?
You now have 171 gold pieces (gained 10).
Why would you want to do that? Why would you want to do that?
Really walk into that cloud of flame?
You are engulfed in blazing flames.
You resist.
You are engulfed in blazing flames.
You resist.
You see here a +0 dagger.
There is a staircase leading out of the dungeon here.
Are you sure you want to leave the Dungeon?
This will make you lose the game!
You have escaped!

......# #.# #(........#
......# #####.#
##.######.# #######
#.....# #.# ####.#
#.....##########.###....#
#...).##...........#'#...
#####.##...........#)##.#
#.##...#..#..#.#+##.#
#.##........≈..+....#
#.##@..).....8.####.#
#.##.....[..≈..+....#
#.##...#..#..#.#'####
#.##...........#.#
#.##...........#'#
#.##########.###.# #.#
#..##..#
#.#########.###.#####
#....†...............


There were no monsters in sight!

Vanquished Creatures
  2 ogres (D:4)
  An orc priest (D:4)
  2 orc wizards
  A worker ant (D:4)
  3 gnolls (D:2)
  8 adders
  A howler monkey skeleton (D:4)
  2 river rats (Sewer)
  A worm (D:2)
  2 dart slugs
  2 leopard geckos (D:1)
  18 orcs
  5 ball pythons
  5 giant cockroaches
  11 goblins
  8 hobgoblins
  6 jackals
  5 kobolds
  3 quokkas
  8 bats
  9 frilled lizards
  13 rats
116 creatures vanquished.

Vanquished Creatures (others)
  A goblin (D:1)
1 creature vanquished.

Grand Total: 117 creatures vanquished

Notes
Turn   | Place    | Note
-------+----------+-------------------------------------------
     0 | D:1      | BritishOli the Demonspawn Gladiator began the quest for the
                  | Orb.
     0 | D:1      | Reached XP level 1. HP: 16/16 MP: 1/1
    41 | D:1      | Gained mutation: You have sharp fingernails. [demonic
                  | ancestry]
    41 | D:1      | Reached XP level 2. HP: 20/22 MP: 2/2
   108 | D:1      | Reached skill level 3 in Long Blades
   308 | D:1      | Gained mutation: You are partially covered in yellow
                  | scales. (AC +2) [demonic ancestry]
   308 | D:1      | Reached XP level 3. HP: 27/27 MP: 3/3
   579 | D:2      | Found a glowing golden altar of the Shining One.
   649 | D:2      | Reached XP level 4. HP: 4/33 MP: 4/4
  1190 | D:2      | Reached skill level 4 in Long Blades
  1583 | D:3      | Found a glowing drain.
  1599 | Sewer    | Entered a sewer
  1643 | Sewer    | Gained mutation: You are mostly covered in yellow scales.
                  | (AC +3) [demonic ancestry]
  1643 | Sewer    | Reached XP level 5. HP: 30/39 MP: 5/5
  2616 | D:3      | Reached skill level 5 in Long Blades
  2616 | D:3      | Reached skill level 1 in Armour
  2626 | D:3      | Found a basalt altar of Yredelemnul.
  3022 | D:4      | Found Qaneitag's Antique Weapon Shoppe.
  3028 | D:4      | Gained mutation: You are partially covered in sharp spines.
                  | [demonic ancestry]
  3028 | D:4      | Reached XP level 6. HP: 20/46 MP: 6/6
  3434 | D:4      | Reached skill level 6 in Long Blades
  3493 | D:4      | Gained mutation: You are slightly more attuned to the
                  | shadows. [demonic ancestry]
  3493 | D:4      | Reached XP level 7. HP: 44/51 MP: 7/7
  3618 | D:$      | Got out of the dungeon alive.

Levels and vault maps discovered:
D:1:      shiori_arrival_oz, layout_basic, minmay_hexomino_f4
D:2:      layout_loops_ring, tso_altar
D:3:      layout_loops_ring, old_standard_altar, portal_sewer_entry_a,
          chequers_hall_statues_wall_a
D:4:      layout_gridville, serial_shops, shop, first_ration

Skill      XL: |  1  2  3  4  5  6 |
---------------+-------------------+-----
Dodging        | 3 |  3.6
Long Blades    | 3 4 5 6 |  6.2
Throwing       | 2 |  2.0
Armour         | 1 |  1.8
Fighting       | |  2.8
Stealth        | |  0.2

Action                   |  1- 3 |  4- 6 |  7- 9 || total
-------------------------+-------+-------+-------++-------
Melee: Long sword        |    78 |   260 |     2 ||   340
 Stab: Sleeping          |     1 |     1 |       ||     2
  Eat: Chunk             |       |     8 |     2 ||    10
Armor: Leather armour    |    31 |    98 |       ||   129
       Scale mail        |       |       |     1 ||     1
Dodge: Dodged            |    64 |   180 |     2 ||   246
       Rpst.: Long sword |    26 |    64 |     1 ||    91

Table legend:
 A = Non-vault XP
 B = Vault XP
 C = Vault XP percentage of total XP
 D = Non-vault monster count
 E = Vault monster count
 F = Vault count percentage of total count
                 A         B        C        D         E       F
            +---------+---------+-------+---------+---------+-------
      Total |     702 |      69 |   8.9 |      91 |      25 |  21.6
            +---------+---------+-------+---------+---------+-------
        D:1 |      44 |       8 |  15.4 |      23 |       4 |  14.8
        D:2 |     128 |       0 |   0.0 |      28 |       0 |   0.0
        D:3 |     125 |       6 |   4.6 |      27 |       4 |  12.9
        D:4 |     405 |       0 |   0.0 |      13 |       0 |   0.0
      Sewer |       0 |      55 | 100.0 |       0 |      17 | 100.0
            +---------+---------+-------+---------+---------+-------
